 Dungeon Crawl Stone Soup version 0.31-a0-521-gc7390f8997 (webtiles) character file.

Game seed: 2901727320100034663

114 javelincjr the Trooper (level 4, 0/37 HPs)
             Began as a Demonspawn Monk on Aug 10, 2023.
             Slain by an orc wizard
             ... wielding a +1 dagger of protection
              (3 damage)
             ... on level 3 of the Dungeon.
             The game lasted 00:04:27 (1803 turns).

javelincjr the Trooper (Demonspawn Monk)            Turns: 1803, Time: 00:04:27

Health: 0/37       AC:  2    Str: 14    XL:     4   Next: 66%
Magic:  4/4        EV: 13    Int: 11    God:
Gold:   129        SH:  0    Dex: 15    Spells: 3/3 levels left

rFire   . . .        a - +0 spear
rCold   . . .        d - orb {light}
rNeg    . . .        b - +0 robe
rPois   .            (helmet restricted)
rElec   .            (no cloak)
rCorr   .            (no gloves)
SInv    .            (no boots)
Will    .....        (no amulet)
Stlth   +            (no ring)
HPRegen 0.26/turn    (no ring)
MPRegen 0.09/turn

%: no passive effects
@: glowing
A: horns 1, foul stench 1
a: no special abilities


You were on level 3 of the Dungeon.
You visited 1 branch of the dungeon, and saw 3 of its levels.

You collected 129 gold pieces.

Inventory:

Hand Weapons
 a - a +0 spear (weapon)
Armour
 b - a +0 robe (worn)
 d - an orb of light (worn)
 i - a +0 scale mail
Wands
 p - a wand of charming (3)
Scrolls
 e - 4 scrolls of identify {unknown}
 f - a scroll of fear {unknown}
 g - 3 scrolls of fog {unknown}
 h - a scroll of vulnerability {unknown}
 j - 3 scrolls of enchant armour {unknown}
 k - a scroll of silence {unknown}
 l - a scroll of blinking {unknown}
 m - 2 scrolls of immolation {unknown}
 n - a scroll of revelation {unknown}
Potions
 c - a potion of ambrosia
 o - 2 potions of attraction {unknown}


   Skills:
 + Level 4.0 Fighting
 + Level 3.5 Polearms
 + Level 3.5 Dodging


You had 3 spell levels left.
You didn't know any spells.
Your spell library contained the following spells:

 Spells                   Type           Power      Damage    Failure   Level
 Slow                     Hex            0%         N/A       34%         1
 Static Discharge         Conj/Air       0%         2-2/arc   47%         2
 Fireball                 Conj/Fire      0%         3d3       100%        5
 Chain Lightning          Conj/Air       0%         N/A       100%        9


Dungeon Overview and Level Annotations

Branches:
Dungeon (3/15)

Altars:
Dithmenos


Innate Abilities, Weirdness & Mutations

You have a pair of small horns on your head.
You may rarely emit foul miasma when damaged in melee.


Message History

The orc wizard hits you with a +1 dagger of protection.
You hit the orc wizard but do no damage.
The orc wizard is moderately wounded.
The orc wizard hits you with a +1 dagger of protection.
Aiming: Charm
Press: ? - help, Q - select action Shift-Dir - straight line, f/p - orc wizard
Aim: an orc wizard, wielding a +1 dagger of protection and wearing a +0 robe (moderately wounded, slightly transparent, haloed, chance to affect: 49%)
The orc wizard resists with some effort.
The orc wizard points at you and mumbles some strange words.
You resist with some effort.
You hit the orc wizard but do no damage.
The orc wizard is moderately wounded.
The orc wizard barely misses you.
You hit the orc wizard.
The orc wizard is moderately wounded.
The orc wizard gestures at you while chanting.
The magic dart hits you!
You barely miss the orc wizard.
The orc wizard is moderately wounded.
The orc wizard gestures at you while chanting.
You resist with some effort.
You hit the orc wizard but do no damage.
The orc wizard is moderately wounded.
You hit the orc wizard but do no damage.
The orc wizard is moderately wounded.
The orc wizard gestures at you while chanting.
The puff of flame hits you.
You barely miss the orc wizard.
The orc wizard is moderately wounded.
The orc wizard hits you with a +1 dagger of protection.
You hit the orc wizard but do no damage.
The orc wizard is moderately wounded.
The orc wizard points at you and mumbles some strange words.
The puff of flame hits you!
* * * LOW HITPOINT WARNING * * *
You hit the orc wizard but do no damage.
Your headbutt misses the orc wizard.
The orc wizard is moderately wounded.
The orc wizard hits you with a +1 dagger of protection.
You die...

.#..###...###.#.##>
...............#.##. o
?............###.##. #.
#.#.#.###....###.##. ..#
#.#..# ##.......# ..
#.#..#####...###..
#..##.##.##.#...#........
........o###..#..........
#$.##...oo@......#######.
#.##.#####.### #. #.# #.#
. ... ..# ## ##### .###
#. # #.


You could see an orc wizard (invisible) and 2 orcs.

Vanquished Creatures
  6 adders
  An adder zombie (D:3)
  2 orcs (D:3)
  A bat (D:2)
  2 endoplasms (D:2)
  4 giant cockroaches
  5 goblins
  3 hobgoblins
  4 jackals (D:3)
  5 quokkas
  5 ball pythons
  2 frilled lizards
  A jackal zombie (D:3)
  6 kobolds
  5 rats
52 creatures vanquished.

Notes
Turn   | Place    | Note
-------+----------+-------------------------------------------
     0 | D:1      | javelincjr the Demonspawn Monk began the quest for the Orb.
     0 | D:1      | Reached XP level 1. HP: 18/18 MP: 1/1
   168 | D:1      | Gained mutation: You may rarely emit foul miasma when
                  | damaged in melee. [demonic ancestry]
   168 | D:1      | Reached XP level 2. HP: 24/24 MP: 2/2
   748 | D:2      | Reached XP level 3. HP: 16/29 MP: 3/3
   846 | D:2      | Got the Enchiridion on the Curse and Arcane Weapons
  1343 | D:2      | Gained mutation: You have a pair of small horns on your
                  | head. [demonic ancestry]
  1343 | D:2      | Reached XP level 4. HP: 37/37 MP: 4/4
  1477 | D:3      | Found a shadowy altar of Dithmenos.
  1621 | D:3      | Noticed an eye of devastation
  1630 | D:3      | Noticed a shining eye
  1632 | D:3      | Found a faded altar of an unknown god.
  1634 | D:3      | Noticed a shining eye
  1634 | D:3      | Noticed a shining eye
  1656 | D:3      | Reached skill level 4 in Fighting
  1803 | D:3      | Slain by an orc wizard

Illustrated notes

Levels and vault maps discovered:
D:1:      elethiomel_arrival_infinity_welcomes_careful_drivers, layout_rooms,
          minmay_shallow_snake_nest
D:2:      layout_loops_ring, st_stairs_10
D:3:      layout_loops_ring, grunt_dithmenos_smoke_and_mirrors,
          nicolae_yredelemnul_corpse_copse, nicolae_hepliaklqana_hippocampus,
          hellmonk_ecumenical_altar_watching_god

Skill      XL: |  1  2  3  4 |
---------------+-------------+-----
Dodging        | 3 |  3.5
Polearms       | 3 |  3.5
Fighting       | 4 |  4.0

Action                     |  1- 3 |  4- 6 || total
---------------------------+-------+-------++-------
  Melee: Spear             |   121 |    74 ||   195
         Headbutt          |       |    13 ||    13
  Evoke: Wand              |       |     2 ||     2
   Stab: Distracted        |     1 |       ||     1
 Armour: Robe              |    19 |     7 ||    26
  Dodge: Dodged            |    60 |    33 ||    93

Table legend: (Time is in decaauts)
 A = Elapsed time spent in this place.
 B = Non-inter-level travel time spent in this place.
 C = Inter-level travel time spent in this place.
 D = Time resting spent in this place.
 E = Time spent auto-exploring this place.
 F = Levels seen in this place.
 G = Mean time per level.
                   A        B        C        D        E       F      G
               +--------+--------+--------+--------+--------+-----+--------+
         Total |   1790 |   1699 |     91 |     66 |   1268 |   3 |  596.7 |
       Dungeon |   1790 |   1699 |     91 |     66 |   1268 |   3 |  596.7 |
               +--------+--------+--------+--------+--------+-----+--------+

Top non-repeatable levels by time:
     D:2: 857 daAuts
     D:1: 593 daAuts
     D:3: 339 daAuts
